 Dungeon Crawl Stone Soup version 0.21-a0-417-g0adc95b (webtiles) character file.

106 Koleisus the Bolt Thrower (level 4, 0/38 HPs)
             Began as a Gnoll Wanderer on Nov 3, 2017.
             Slain by Sigmund
             ... wielding a +0 scythe
              (10 damage)
             ... on level 2 of the Dungeon.
             The game lasted 00:08:13 (1803 turns).

Koleisus the Bolt Thrower (Gnoll Wanderer)          Turns: 1803, Time: 00:08:14

Health: 0/38       AC:  4    Str: 13    XL:     4   Next: 84%
Magic:  8/8        EV: 12    Int: 15    God:
Gold:   115        SH:  0    Dex: 16    Spells: 7/9 levels left

rFire    + . .     SeeInvis .   b - +0 shortbow
rCold    . . .     Gourm    .   (shield currently unavailable)
rNeg     . . .     Faith    .   j - +2 robe {rF+}
rPois    .         Spirit   .   (no helmet)
rElec    .         Reflect  .   (no cloak)
rCorr    .         Harm     .   (no gloves)
MR       .....                  (no boots)
Stlth    ++........             (no amulet)
HPRegen  0.12/turn              (no ring)
MPRegen  0.11/turn              (no ring)

@: no status effects
A: distributed training, fangs 1, strong nose
a: no special abilities


You were on level 2 of the Dungeon.
You were hungry.

You visited 1 branch of the dungeon, and saw 3 of its levels.

You collected 115 gold pieces.

Inventory:

Hand Weapons
 b - a +0 shortbow (weapon)
Missiles
 c - 21 arrows (quivered)
Armour
 j - a +2 robe of fire resistance (worn)
Scrolls
 e - 4 scrolls of identify {unknown}
Potions
 d - a potion of curing {unknown}
 h - a potion of ambrosia {unknown}
 i - 2 potions of lignification {unknown}
Books
 a - a book of Spatial Translocations

   Spells                             Type                      Level
   a - Blink                          Translocation                2
   b - Shroud of Golubria             Charms/Translocation         2
   c - Lesser Beckoning               Translocation                3
   d - Gell's Gravitas                Translocation                3
   e - Teleport Other                 Translocation                3
   f - Passage of Golubria            Translocation                4
Comestibles
 f - a bread ration


   Skills:
 + Level 4.7 Fighting
 + Level 1.2 Short Blades
 + Level 1.2 Long Blades
 + Level 1.2 Axes
 + Level 1.2 Maces & Flails
 + Level 1.2 Polearms
 + Level 1.2 Staves
 + Level 1.2 Slings
 + Level 1.2 Bows
 + Level 4.7 Crossbows
 + Level 2.8 Throwing
 + Level 2.8 Armour
 + Level 1.2 Dodging
 + Level 1.2 Stealth
 + Level 1.2 Shields
 + Level 1.2 Unarmed Combat
 + Level 3.0 Spellcasting
 + Level 1.0 Conjurations
 + Level 1.0 Hexes
 + Level 1.0 Charms
 + Level 1.0 Summonings
 + Level 1.0 Necromancy
 + Level 3.9 Translocations
 + Level 1.0 Transmutations
 + Level 1.0 Fire Magic
 + Level 1.0 Ice Magic
 + Level 1.0 Air Magic
 + Level 1.0 Earth Magic
 + Level 1.0 Poison Magic
   Level 1.3 Invocations
 + Level 2.8 Evocations


You had 7 spell levels left.
You knew the following spells:

 Your Spells              Type           Power        Failure   Level  Hunger
a - Blink                 Tloc           N/A          6%          2    ##.....


Dungeon Overview and Level Annotations

Branches:
Dungeon (3/15)

Altars:
Dithmenos

Annotations:
D:2 Sigmund
D:3 Tux's ghost, amateur TeAE


Innate Abilities, Weirdness & Mutations

Your experience applies equally to all skills.
You have very sharp teeth.
Your uncanny sense of smell can sniff out nearby items.


Message History

* * * LOW HITPOINT WARNING * * *
A puff of flame appears from out of thin air!
The puff of flame misses you.
You are confused.
You bump into the rock wall.
A puff of flame appears from out of thin air!
The puff of flame hits you! You resist.
* * * LOW HITPOINT WARNING * * *
You bump into the rock wall.
You bump into the rock wall.
You are more confused.
You bump into the rock wall.
You're too confused to move!
You hear some strange, mumbled words.
Something tries to affect you, but you resist.
You bump into the rock wall.
You bump into the rock wall.
You feel less confused. Something hits you!
You die...

....###.#
#.# #.
....# ..#
#.# #.
.#### +#
#.# #. .#
#.# #. .#
∆ #.# #.
.# #.# #.
## #{# #.
## #.# #.
.# ∆ ∆
#@# #. .+
+.# #. ##
### #. .#
## .# #∆


There were no monsters in sight!

Vanquished Creatures
  A howler monkey (D:2)
  3 adders (D:2)
  A worm (D:2)
  A dart slug (D:2)
  A leopard gecko (D:2)
  A ball python (D:1)
  4 bats
  A giant cockroach (D:2)
  7 goblins
  2 hobgoblins
  A quokka (D:2)
  A frilled lizard (D:2)
  5 kobolds
  11 rats
40 creatures vanquished.

Notes
Turn   | Place    | Note
-------+----------+-------------------------------------------
     0 | D:1      | Koleisus the Gnoll Wanderer began the quest for the Orb.
     0 | D:1      | Koleisus set off with: a book of Spatial Translocations, a +0 shortbow, 23 arrows, a +0 ring mail, a bread ration
     0 | D:1      | Reached XP level 1. HP: 20/20 MP: 4/4
   155 | D:1      | Reached XP level 2. HP: 20/26 MP: 5/5
   658 | D:2      | Reached XP level 3. HP: 19/31 MP: 7/7
   780 | D:2      | Reached skill level 1 in Invocations
   977 | D:2      | Learned a level 2 spell: Blink
  1066 | D:2      | Reached skill level 1 in Short Blades
  1066 | D:2      | Reached skill level 1 in Long Blades
  1066 | D:2      | Reached skill level 1 in Axes
  1066 | D:2      | Reached skill level 1 in Maces & Flails
  1066 | D:2      | Reached skill level 1 in Polearms
  1066 | D:2      | Reached skill level 1 in Staves
  1066 | D:2      | Reached skill level 1 in Slings
  1066 | D:2      | Reached skill level 1 in Bows
  1066 | D:2      | Reached skill level 1 in Dodging
  1066 | D:2      | Reached skill level 1 in Stealth
  1066 | D:2      | Reached skill level 1 in Shields
  1066 | D:2      | Reached skill level 1 in Unarmed Combat
  1108 | D:3      | Noticed Tux's ghost (amateur TeAE)
  1124 | D:2      | Reached XP level 4. HP: 23/38 MP: 8/8
  1131 | D:2      | Reached skill level 1 in Conjurations
  1131 | D:2      | Reached skill level 1 in Hexes
  1131 | D:2      | Reached skill level 1 in Charms
  1131 | D:2      | Reached skill level 1 in Summonings
  1131 | D:2      | Reached skill level 1 in Necromancy
  1131 | D:2      | Reached skill level 1 in Transmutations
  1131 | D:2      | Reached skill level 1 in Fire Magic
  1131 | D:2      | Reached skill level 1 in Ice Magic
  1131 | D:2      | Reached skill level 1 in Air Magic
  1131 | D:2      | Reached skill level 1 in Earth Magic
  1131 | D:2      | Reached skill level 1 in Poison Magic
  1663 | D:2      | Found a faded altar of an unknown god.
  1665 | D:2      | Became a worshipper of Dithmenos the Shadowed
  1665 | D:2      | Reached * piety under Dithmenos
  1740 | D:2      | Fell from the grace of Dithmenos
  1767 | D:3      | Noticed Sigmund
  1803 | D:2      | Slain by Sigmund

Vault maps used:
D:1:      lemuel_arrival_river_ford, minmay_rat_gold_closets
D:2:      chequers_ecumenical_altar_twisty, kennysheep_generic_room_16
D:3:      first_bread, uniq_sigmund

Skill      XL: |  1  2  3  4 |
---------------+-------------+-----
Invocations    | 1 |  1.3
Short Blades   | 1 |  1.2
Long Blades    | 1 |  1.2
Axes           | 1 |  1.2
Maces & Flails | 1 |  1.2
Polearms       | 1 |  1.2
Staves         | 1 |  1.2
Slings         | 1 |  1.2
Bows           | 1 |  1.2
Dodging        | 1 |  1.2
Stealth        | 1 |  1.2
Shields        | 1 |  1.2
Unarmed Combat | 1 |  1.2
Spellcasting   | 3 |  3.0
Conjurations   | 1 |  1.0
Hexes          | 1 |  1.0
Charms         | 1 |  1.0
Summonings     | 1 |  1.0
Necromancy     | 1 |  1.0
Transmutations | 1 |  1.0
Fire Magic     | 1 |  1.0
Ice Magic      | 1 |  1.0
Air Magic      | 1 |  1.0
Earth Magic    | 1 |  1.0
Poison Magic   | 1 |  1.0
Fighting       | |  4.7
Crossbows      | |  4.7
Throwing       | |  2.8
Armour         | |  2.8
Translocations | |  3.9
Evocations     | |  2.8

Action                   |  1- 3 |  4- 6 || total
-------------------------+-------+-------++-------
Melee: Shortbow          |     4 |       ||     4
 Fire: Shortbow          |   112 |    26 ||   138
Invok: Renounce Religion |       |     1 ||     1
  Eat: Chunk             |     1 |     1 ||     2
Armor: Ring mail         |    33 |       ||    33
       Robe              |     8 |     1 ||     9
Dodge: Dodged            |    65 |    17 ||    82

Table legend:
 A = Spawn XP
 B = Non-spawn XP
 C = Spawn XP percentage of total XP
 D = Spawn monster count
 E = Non-spawn monster count
 F = Spawn count percentage of total count
 G = Total turns spent on level
                    A         B        C        D         E        F      G
               +---------+---------+-------+---------+---------+-------+---------
         Total |       0 |     152 |   0.0 |       0 |      40 |   0.0 |  1803
               +---------+---------+-------+---------+---------+-------+---------
           D:1 |       0 |      25 |   0.0 |       0 |      18 |   0.0 |   575
           D:2 |       0 |     127 |   0.0 |       0 |      22 |   0.0 |  1224
               +---------+---------+-------+---------+---------+-------+---------
